General information
- name: BNet
- type: Ladder 1vs1/FFA
- host: Battle.net
- saver: pps.0
map: RoadToStratholme
- players: 2
- length: 09:20
- speed: Fast
- version: 1.24 W3XP
- replay type: Public
» download(25 KB)
Players
team 1 (winner)
pps.0 (
teal | 63 APM | 587 actions | 09:20)
2 Blademaster
1 Wind Walk
1 Critical Strike
» actions
| Assign group hotkey | 5 | |
| Basic commands | 44 | |
| Build / train | 33 | |
| ESC pressed | 6 | |
| Enter build submenu | 34 | |
| Enter hero's abilities submenu | 2 | |
| Give item / drop item | 1 | |
| Right click | 243 | |
| Select / deselect | 158 | |
| Select group hotkey | 13 | |
| Use ability | 48 | |
587 total
» units
» buildings
| Altar of Storms | 1 | |
| Orc Burrow | 3 | |
| Voodoo Lounge | 1 | |
| War Mill | 1 | |
| Watch Tower | 21 | |
27 total
» build order
00:05 Altar of Storms
00:16 Orc Burrow
00:42 Voodoo Lounge
01:24 War Mill
01:54 Orc Burrow
02:47 Watch Tower
02:48 Watch Tower
03:25 Watch Tower
03:25 Watch Tower
03:48 Watch Tower
03:49 Watch Tower
04:25 Watch Tower
04:53 Watch Tower
05:00 Watch Tower
05:19 Watch Tower
05:20 Watch Tower
05:26 Watch Tower
05:43 Watch Tower
05:43 Watch Tower
06:12 Watch Tower
06:12 Watch Tower
06:25 Watch Tower
06:26 Watch Tower
07:40 Watch Tower
08:06 Watch Tower
08:34 Orc Burrow
08:35 Watch Tower
» items
| Healing Salve | 2 | |
| Lesser Clarity Potion | 1 | |
| Scroll of Speed | 1 | |
4 total
team 2 (loser)
Nin.gish.Zidda (
pink | 43 APM | 395 actions | 09:13)
1 Demon Hunter
1 Mana Burn
» actions
| Assign group hotkey | 1 | |
| Build / train | 24 | |
| Enter build submenu | 17 | |
| Enter hero's abilities submenu | 1 | |
| Right click | 169 | |
| Select / deselect | 136 | |
| Select group hotkey | 9 | |
| Use ability | 38 | |
395 total
» units
» buildings
| Moon Well | 3 | |
| Altar of Elders | 1 | |
| Ancient of Wonders | 1 | |
| Ancient of War | 10 | |
15 total
» build order
00:14 Moon Well
00:47 Moon Well
01:07 Altar of Elders
02:35 Moon Well
02:44 Ancient of Wonders
03:28 Ancient of War
03:58 Ancient of War
04:03 Ancient of War
04:12 Ancient of War
04:14 Ancient of War
04:31 Ancient of War
05:15 Ancient of War
05:40 Ancient of War
06:03 Ancient of War
06:51 Ancient of War
Chat log
(09:11 / All) Nin.gish.Zidda: gg fool
(09:13 / All) pps.0: u mad?